Canadiens vs Stars

Created - January 23, 2022 at 22:35

Goals
1 2 3 T
Canadiens 1 1 1 3
Stars 1 1 0 2
Shots
1 2 3 T
Canadiens 10 6 10 26
Stars 9 19 10 38

1st period

1. Canadiens , Chris Kreider 14 (Phil Kessel 13, Mika Zibanejad 14) at 7:18 (PP)
2. Stars , Evgeny Grachev 3 (Jussi Jokinen 7) at 8:33 (PP)

Penalties :
Brady Skjei (Mon) for Hooking (Minor) at 4:33, Cam Atkinson (Dal) for Hooking (Minor) at 6:53, Kristers Gudlevskis (Mon) for Slashing (Minor) at 7:53 - Mika Zibanejad served the penalty, Guillaume Latendresse (Dal) for Cross-checking (Minor) at 8:39, Guillaume Latendresse (Dal) for Roughing (Minor) at 14:16, Phil Kessel (Mon) for Hooking (Minor) at 19:10

2nd period

3. Stars , Cam Atkinson 6 (Andrew Ladd 3) at 8:32
4. Canadiens , Chris Kreider 15 (Travis Hamonic 6, Evgeni Malkin 17) at 8:47

Penalties :
Evgeni Malkin (Mon) for High sticking (Double Minor) at 4:23

3rd period

5. Canadiens , Evgeni Malkin 9 (Brady Skjei 10) at 3:06

Penalties :
Greg Stewart (Mon) for Elbowing (Minor) at 11:36

Goalie Stats

Kristers Gudlevskis (Mon), 36 saves from 38 shots - (0.947), W, 12-3-1, 60:00 minutes
Matt Murray (Dal), 23 saves from 26 shots - (0.885), L, 8-6-2, 58:51 minutes

Players Stats for Canadiens

Player Name              G  A  P  +/- PIM S  H  SB GA TA FO     MP     PP MP  PK MP  
------------------------------------------------------------------------------------
Brady Skjei              0  1  1   2  2   0  0  1  0  2  0/0    23:19   2:56   1:24 
Brian Dumoulin           0  0  0  -1  0   0  0  2  0  0  0/0    22:35   1:27   5:13 
Chris Kreider            2  0  2   2  0   5  1  0  1  2  0/2    21:58   2:21   1:12 
Daniel Carcillo          0  0  0  -1  0   2  2  1  0  0  1/1    14:26   0:00   5:58 
Dave Bolland             0  0  0  -1  0   2  0  0  0  0  5/10   13:03   0:00   5:58 
Evgeni Malkin            1  1  2   1  4   2  4  1  4  0  9/26   20:56   2:02   0:22 
Greg Stewart             0  0  0   0  2   1  1  0  0  1  0/1    14:15   2:02   0:00 
Jakub Vrana              0  0  0   0  0   1  1  0  0  0  0/0     6:48   0:00   0:12 
Jordan Szwarz            0  0  0   0  0   2  3  0  1  0  0/0    11:43   0:00   3:14 
Mark Stuart              0  0  0  -1  0   0  0  2  0  0  0/0    16:06   0:00   6:43 
Mika Zibanejad           0  1  1   0  0   1  1  1  0  1  4/14   15:27   2:21   1:02 
Nick Spaling             0  0  0   0  0   1  0  0  0  0  1/4    10:48   0:00   3:14 
Phil Kessel              0  1  1   2  2   3  0  0  0  2  3/3    20:44   2:21   0:00 
Philip Larsen            0  0  0   0  0   0  0  1  0  0  0/0    20:49   1:27   3:24 
Pierre-Marc Bouchard     0  0  0   0  0   2  0  0  0  0  0/0     5:50   0:00   0:00 
Steve Downie             0  0  0   0  0   1  2  0  0  0  0/0    14:09   2:02   0:00 
Travis Hamonic           0  1  1   2  0   3  1  1  0  2  0/0    26:36   2:56   4:28 
Tyler Lewington          0  0  0   0  0   0  0  2  0  0  0/0     9:48   0:00   0:00 

Players Stats for Stars

Player Name              G  A  P  +/- PIM S  H  SB GA TA FO     MP     PP MP  PK MP  
------------------------------------------------------------------------------------
Alex Chiasson            0  0  0  -1  0   0  1  1  0  0  1/1    15:14   4:48   0:00 
Andrej Sustr             0  0  0  -1  0   2  1  1  0  2  0/0    22:40   4:27   1:47 
Andrew Ladd              0  1  1   1  0   1  0  1  3  0  1/1    12:37   0:56   1:31 
Boris Valabik            0  0  0   0  0   2  1  1  0  0  0/0    22:37   4:16   1:47 
Cam Atkinson             1  0  1   1  2   2  1  0  1  0  1/2    12:11   0:50   0:00 
Cory Emmerton            0  0  0   0  0   5  1  0  1  1  2/4    10:32   0:00   1:50 
Evgeny Grachev           1  0  1  -1  0   5  1  2  1  0  6/12   15:39   4:48   0:21 
Evgeny Kuznetsov         0  0  0   0  0   3  0  0  0  0  4/4     9:50   0:00   0:00 
Guillaume Latendresse    0  0  0  -1  4   2  0  0  0  0  1/2    20:14   5:01   0:25 
Ian White                0  0  0  -1  0   1  0  3  0  1  0/0    26:29   5:09   2:36 
Jeremy Morin             0  0  0   0  0   0  0  0  0  0  0/0    10:42   0:00   0:34 
John Tavares             0  0  0  -1  0   2  3  0  2  0  21/32  23:13   5:03   2:21 
Jussi Jokinen            0  1  1  -1  0   5  2  0  0  0  0/1    16:06   4:48   0:52 
Michael Grabner          0  0  0  -1  0   2  0  0  2  1  1/2    20:35   5:01   0:52 
Paul Ladue               0  0  0   0  0   1  1  0  0  1  0/0     9:56   0:31   0:00 
Scott Kosmachuck         0  0  0   1  0   1  1  0  0  0  0/0     9:15   0:33   0:00 
Tyler Wotherspoon        0  0  0  -1  0   4  1  1  0  0  0/0    26:29   5:09   2:36 
Tyson Barrie             0  0  0   1  0   0  2  0  0  0  0/0    11:15   1:40   0:00 

3 Stars

1 - Chris Kreider (Mon)
2 - Kristers Gudlevskis (Mon)
3 - Evgeni Malkin (Mon)

Power Play

Canadiens - 1 on 3 Attempt(s) - 33.33%
Stars - 1 on 6 Attempt(s) - 16.67%

Penalty Kill

Canadiens - 5 on 6 Attempt(s) - 83.33% - Score 0 goal in Penalty Kill
Stars - 2 on 3 Attempt(s) - 66.67% - Score 0 goal in Penalty Kill

Team Stat

Canadiens - Hits : 16 - Faceoff Wins : 23 - Blocked Shots : 12 - Penalty Minutes : 12
Stars - Hits : 16 - Faceoff Wins : 38 - Blocked Shots : 10 - Penalty Minutes : 6

Official

Referees : Marc Joannette and Dan O'Rourke
Linesman : Ryan Daisy and Scott Cherrey

Game Notes

No Game Note

Finance

Level 1 -- Attendance: 5877 (97.95%) -- Ticket Income $587,700
Level 2 -- Attendance: 4752 (95.04%) -- Ticket Income $285,120
Level 3 -- Attendance: 2000 (100.00%) -- Ticket Income $70,000
Level 4 -- Attendance: 4000 (100.00%) -- Ticket Income $100,000
Luxury Box -- Attendance: 1000 (100.00%) -- Ticket Income $200,000
Game was played at the American Airlines Center.
Total Attendance: 17629 (97.94%)
Total Ticket Income: $1,242,820
Other Income: $186,423
Total Income: $1,429,243

Canadiens

5 vs 5 Forward 
   Center                   Left Wing                Right Wing               Time % Phy DF OF 
 1 Evgeni Malkin            Chris Kreider            Phil Kessel              40     0   1  4  
 2 Mika Zibanejad           Greg Stewart             Steve Downie             30     0   1  4  
 3 Nick Spaling             Daniel Carcillo          Jordan Szwarz            20     0   2  3  
 4 Dave Bolland             Jakub Vrana              Pierre-Marc Bouchard     10     0   3  2  

5 vs 5 Defense 
   Defense                  Defense                                           Time % Phy DF OF 
 1 Travis Hamonic           Brady Skjei                                       40     0   2  3  
 2 Philip Larsen            Brian Dumoulin                                    30     0   2  3  
 3 Tyler Lewington          Mark Stuart                                       20     0   3  2  
 4 Travis Hamonic           Brady Skjei                                       10     0   2  3  

PowerPlay Forward 
   Center                   Left Wing                Right Wing               Time % Phy DF OF 
 1 Mika Zibanejad           Chris Kreider            Phil Kessel              60     0   1  4  
 2 Evgeni Malkin            Greg Stewart             Steve Downie             40     0   1  4  

PowerPlay Defense
   Defense                  Defense                                           Time % Phy DF OF 
 1 Travis Hamonic           Brady Skjei                                       60     0   1  4  
 2 Philip Larsen            Brian Dumoulin                                    40     0   1  4  

Penalty Kill 4 Players Forward 
   Center                   Wing                     Time % Phy DF OF 
 1 Dave Bolland             Daniel Carcillo          60     0   3  2  
 2 Nick Spaling             Jordan Szwarz            40     0   3  2  

Penalty Kill 4 Players Defense
   Defense                  Defense                  Time % Phy DF OF 
 1 Brian Dumoulin           Mark Stuart              60     0   3  2  
 2 Philip Larsen            Travis Hamonic           40     0   3  2  

Penalty Kill - 3 Players Forward 
   Forward                                           Time % Phy DF OF 
 1 Dave Bolland                                      60     1   4  0  
 2 Nick Spaling                                      40     0   4  1  

Penalty Kill - 3 Players Defense
   Defense                  Defense                  Time % Phy DF OF 
 1 Travis Hamonic           Mark Stuart              60     0   4  1  
 2 Tyler Lewington          Brian Dumoulin           40     0   4  1  

4 vs 4 Forward 
   Center                   Wing                     Time % Phy DF OF 
 1 Evgeni Malkin            Chris Kreider            60     0   2  3  
 2 Mika Zibanejad           Phil Kessel              40     0   2  3  

4 vs 4 Defense
   Defense                  Defense                  Time % Phy DF OF 
 1 Travis Hamonic           Brady Skjei              60     0   2  3  
 2 Brian Dumoulin           Mark Stuart              40     0   2  3  

Last Minutes Offensive
   Center                   Left Wing                Right Wing               Defense                  Defense                  
   Evgeni Malkin            Chris Kreider            Phil Kessel              Travis Hamonic           Brady Skjei              

Last Minutes Defensive
   Center                   Left Wing                Right Wing               Defense                  Defense                  
   Evgeni Malkin            Chris Kreider            Phil Kessel              Travis Hamonic           Brady Skjei              

Goaltenders
Starting : Kristers Gudlevskis      
Backup : Allen York               

Extra Forwards
Normal : Chris Kreider, Phil Kessel, Evgeni Malkin - PP : Chris Kreider, Mika Zibanejad - PK : Daniel Carcillo
Extra Defensemen
Normal : Brady Skjei, Travis Hamonic, Brian Dumoulin - PP : Brady Skjei - PK : Travis Hamonic, Mark Stuart
Penalty Shots
Evgeni Malkin, Chris Kreider, Phil Kessel, Mika Zibanejad, Greg Stewart

Scratches
Bryce Lampman (Healthy)

Stars

5 vs 5 Forward 
   Center                   Left Wing                Right Wing               Time % Phy DF OF 
 1 John Tavares             Guillaume Latendresse    Michael Grabner          40     1   2  2  
 2 Evgeny Grachev           Jussi Jokinen            Alex Chiasson            30     1   2  2  
 3 Evgeny Kuznetsov         Andrew Ladd              Cam Atkinson             20     1   2  2  
 4 Cory Emmerton            Jeremy Morin             Scott Kosmachuck         10     1   2  2  

5 vs 5 Defense 
   Defense                  Defense                                           Time % Phy DF OF 
 1 Ian White                Tyler Wotherspoon                                 40     1   2  2  
 2 Boris Valabik            Andrej Sustr                                      30     1   2  2  
 3 Tyson Barrie             Paul Ladue                                        20     1   2  2  
 4 Ian White                Tyler Wotherspoon                                 10     1   2  2  

PowerPlay Forward 
   Center                   Left Wing                Right Wing               Time % Phy DF OF 
 1 John Tavares             Guillaume Latendresse    Michael Grabner          60     0   2  3  
 2 Evgeny Grachev           Jussi Jokinen            Alex Chiasson            40     0   2  3  

PowerPlay Defense
   Defense                  Defense                                           Time % Phy DF OF 
 1 Ian White                Tyler Wotherspoon                                 60     0   2  3  
 2 Boris Valabik            Andrej Sustr                                      40     0   2  3  

Penalty Kill 4 Players Forward 
   Center                   Wing                     Time % Phy DF OF 
 1 John Tavares             Guillaume Latendresse    60     0   3  2  
 2 Michael Grabner          Jussi Jokinen            40     0   3  2  

Penalty Kill 4 Players Defense
   Defense                  Defense                  Time % Phy DF OF 
 1 Ian White                Tyler Wotherspoon        60     0   3  2  
 2 Boris Valabik            Andrej Sustr             40     0   3  2  

Penalty Kill - 3 Players Forward 
   Forward                                           Time % Phy DF OF 
 1 John Tavares                                      60     0   3  2  
 2 Guillaume Latendresse                             40     0   3  2  

Penalty Kill - 3 Players Defense
   Defense                  Defense                  Time % Phy DF OF 
 1 Ian White                Tyler Wotherspoon        60     0   3  2  
 2 Boris Valabik            Andrej Sustr             40     0   3  2  

4 vs 4 Forward 
   Center                   Wing                     Time % Phy DF OF 
 1 John Tavares             Guillaume Latendresse    60     0   2  3  
 2 Michael Grabner          Jussi Jokinen            40     0   2  3  

4 vs 4 Defense
   Defense                  Defense                  Time % Phy DF OF 
 1 Ian White                Tyler Wotherspoon        60     1   2  2  
 2 Boris Valabik            Andrej Sustr             40     1   2  2  

Last Minutes Offensive
   Center                   Left Wing                Right Wing               Defense                  Defense                  
   John Tavares             Guillaume Latendresse    Michael Grabner          Ian White                Tyler Wotherspoon        

Last Minutes Defensive
   Center                   Left Wing                Right Wing               Defense                  Defense                  
   John Tavares             Guillaume Latendresse    Michael Grabner          Ian White                Tyler Wotherspoon        

Goaltenders
Starting : Matt Murray              
Backup : Braden Holtby            

Extra Forwards
Normal : Andrew Ladd, Cam Atkinson, Cory Emmerton - PP : Andrew Ladd, Cam Atkinson - PK : Cory Emmerton
Extra Defensemen
Normal : Tyson Barrie, Paul Ladue, Boris Valabik - PP : Tyson Barrie - PK : Paul Ladue, Boris Valabik
Penalty Shots
John Tavares, Guillaume Latendresse, Michael Grabner, Jussi Jokinen, Alex Chiasson

Scratches
Brian Lee (Chest/Ribs Injury), Tyler Brenner (Healthy)

% Time on Ice - Canadiens

Lines # - Real PCT - Wanted PCT - Time Play
Normal Forward
1 - 40% - 40% - 17:25
2 - 33% - 30% - 14:32
3 - 16% - 20% - 6:56
4 - 12% - 10% - 5:12
Normal Defense
1 - 39% - 40% - 17:16
2 - 36% - 30% - 15:58
3 - 22% - 20% - 9:53
4 - 2% - 10% - 0:58
PP Forward
1 - 54% - 60% - 2:21
2 - 46% - 40% - 2:02
PP Defense
1 - 67% - 60% - 2:56
2 - 33% - 40% - 1:27
PK Forward
1 - 69% - 60% - 7:22
2 - 31% - 40% - 3:14
PK Defense
1 - 72% - 60% - 7:38
2 - 28% - 40% - 2:58
PK3 Forward
1 - 0% - 60%
2 - 0% - 40%
PK3 Defense
1 - 0% - 60%
2 - 0% - 40%
44 Forward
1 - 0% - 60%
2 - 0% - 40%
44 Defense
1 - 0% - 60%
2 - 0% - 40%
Last Minute Offensive  - 0:00
Last Minute Defensive  - 0:56
Total
Forward - 60:00
Defense - 60:00

% Time on Ice - Stars

Lines # - Real PCT - Wanted PCT - Time Play
Normal Forward
1 - 32% - 40% - 14:08
2 - 28% - 30% - 12:23
3 - 20% - 20% - 8:46
4 - 19% - 10% - 8:29
Normal Defense
1 - 41% - 40% - 17:45
2 - 37% - 30% - 16:15
3 - 21% - 20% - 9:05
4 - 2% - 10% - 0:41
PP Forward
1 - 54% - 60% - 5:41
2 - 46% - 40% - 4:55
PP Defense
1 - 60% - 60% - 6:20
2 - 40% - 40% - 4:16
PK Forward
1 - 80% - 60% - 3:31
2 - 20% - 40% - 0:52
PK Defense
1 - 59% - 60% - 2:36
2 - 41% - 40% - 1:47
PK3 Forward
1 - 0% - 60%
2 - 0% - 40%
PK3 Defense
1 - 0% - 60%
2 - 0% - 40%
44 Forward
1 - 0% - 60%
2 - 0% - 40%
44 Defense
1 - 0% - 60%
2 - 0% - 40%
Last Minute Offensive  - 1:15
Last Minute Defensive  - 0:00
Total
Forward - 60:00
Defense - 60:00

Play-by-Play

1st period


0:01 of 1st period - Evgeni Malkin wins face-off versus John Tavares in neutral zone.
0:14 of 1st period - Wrist shot by Chris Kreider.
0:14 of 1st period - Shot Blocked by Ian White.
0:41 of 1st period - Philip Larsen is hit by Cam Atkinson and loses puck.
0:52 of 1st period - Jussi Jokinen is hit by Daniel Carcillo and loses puck.
2:29 of 1st period - Snap shot by Daniel Carcillo.
2:29 of 1st period - Shot Misses the Net.
3:19 of 1st period - Wrist shot by Evgeny Kuznetsov.
3:19 of 1st period - Stopped by Kristers Gudlevskis with a rebound.
3:36 of 1st period - Icing by Tyson Barrie.
3:37 of 1st period - Daniel Carcillo wins face-off versus Cam Atkinson in Stars zone.
3:52 of 1st period - Snap shot by Daniel Carcillo.
3:52 of 1st period - Stopped by Matt Murray without a rebound.
3:53 of 1st period - Phil Kessel wins face-off versus Evgeny Grachev in Stars zone.
4:33 of 1st period - Minor Penalty to Brady Skjei for Hooking.
4:34 of 1st period - Dave Bolland wins face-off versus Michael Grabner in Canadiens zone.
5:08 of 1st period - Snap shot by Evgeny Grachev.
5:08 of 1st period - Shot Blocked by Mark Stuart.
5:10 of 1st period - Slapshot by Ian White.
5:10 of 1st period - Shot Blocked by Brian Dumoulin.
6:33 of 1st period - Penalty to Brady Skjei is over, Brady Skjei is back on ice.
6:36 of 1st period - Icing by Chris Kreider.
6:37 of 1st period - Andrew Ladd wins face-off versus Mika Zibanejad in Canadiens zone.
6:53 of 1st period - Minor Penalty to Cam Atkinson for Hooking.
6:54 of 1st period - Phil Kessel wins face-off versus John Tavares in Stars zone.
7:00 of 1st period - Snap shot by Phil Kessel.
7:00 of 1st period - Stopped by Matt Murray with a rebound.
7:02 of 1st period - Slapshot by Travis Hamonic.
7:02 of 1st period - Shot Blocked by Ian White.
7:04 of 1st period - Slapshot by Chris Kreider.
7:04 of 1st period - Stopped by Matt Murray with a rebound.
7:06 of 1st period - Slapshot by Travis Hamonic.
7:06 of 1st period - Stopped by Matt Murray without a rebound.
7:07 of 1st period - Mika Zibanejad wins face-off versus Guillaume Latendresse in Stars zone.
7:16 of 1st period - Wrist shot by Phil Kessel.
7:16 of 1st period - Shot Blocked by Tyler Wotherspoon.
7:18 of 1st period - Snap shot by Chris Kreider.
7:18 of 1st period - Goal by Chris Kreider - Canadiens : 1 - Stars : 0.
7:19 of 1st period - John Tavares wins face-off versus Evgeni Malkin in neutral zone.
7:43 of 1st period - Icing by Chris Kreider.
7:44 of 1st period - Evgeny Grachev wins face-off versus Mika Zibanejad in Canadiens zone.
7:49 of 1st period - Snap shot by Evgeny Grachev.
7:49 of 1st period - Stopped by Kristers Gudlevskis without a rebound.
7:50 of 1st period - Evgeny Grachev wins face-off versus Mika Zibanejad in Canadiens zone.
7:51 of 1st period - Wrist shot by Jussi Jokinen.
7:51 of 1st period - Stopped by Kristers Gudlevskis with a rebound.
7:53 of 1st period - Snap shot by Evgeny Grachev.
7:53 of 1st period - Stopped by Kristers Gudlevskis without a rebound.
7:53 of 1st period - Minor Penalty to Kristers Gudlevskis for Slashing.
7:54 of 1st period - John Tavares wins face-off versus Dave Bolland in Canadiens zone.
7:55 of 1st period - Snap shot by Michael Grabner.
7:55 of 1st period - Stopped by Kristers Gudlevskis without a rebound.
7:56 of 1st period - Dave Bolland wins face-off versus John Tavares in Canadiens zone.
8:33 of 1st period - Snap shot by Evgeny Grachev.
8:33 of 1st period - Goal by Evgeny Grachev - Canadiens : 1 - Stars : 1.
8:34 of 1st period - Evgeni Malkin wins face-off versus John Tavares in neutral zone.
8:37 of 1st period - Wrist shot by Chris Kreider.
8:37 of 1st period - Shot Hit the Post.
8:39 of 1st period - Minor Penalty to Guillaume Latendresse for Cross-checking.
8:40 of 1st period - John Tavares wins face-off versus Mika Zibanejad in Stars zone.
9:07 of 1st period - Cory Emmerton is hit by Travis Hamonic and loses puck.
10:29 of 1st period - Greg Stewart is hit by Boris Valabik.
10:39 of 1st period - Penalty to Guillaume Latendresse is over, Guillaume Latendresse is back on ice.
10:49 of 1st period - Slapshot by Jussi Jokinen.
10:49 of 1st period - Stopped by Kristers Gudlevskis with a rebound.
10:57 of 1st period - Tyson Barrie is hit by Daniel Carcillo and loses puck.
11:08 of 1st period - Slapshot by Pierre-Marc Bouchard.
11:08 of 1st period - Stopped by Matt Murray with a rebound.
11:44 of 1st period - Andrew Ladd is hit by Evgeni Malkin and loses puck.
11:55 of 1st period - Snap shot by Evgeny Kuznetsov.
11:55 of 1st period - Stopped by Kristers Gudlevskis without a rebound.
11:56 of 1st period - Cory Emmerton wins face-off versus Dave Bolland in Canadiens zone.
12:30 of 1st period - Snap shot by Greg Stewart.
12:30 of 1st period - Shot Blocked by Evgeny Grachev.
12:46 of 1st period - Snap shot by Daniel Carcillo.
12:46 of 1st period - Stopped by Matt Murray without a rebound.
12:47 of 1st period - John Tavares wins face-off versus Nick Spaling in Stars zone.
13:26 of 1st period - Wrist shot by Steve Downie.
13:26 of 1st period - Stopped by Matt Murray with a rebound.
14:04 of 1st period - Wrist shot by Pierre-Marc Bouchard.
14:04 of 1st period - Shot Misses the Net.
14:06 of 1st period - Slapshot by Jakub Vrana.
14:06 of 1st period - Stopped by Matt Murray without a rebound.
14:07 of 1st period - Evgeni Malkin wins face-off versus John Tavares in Stars zone.
14:14 of 1st period - Wrist shot by Phil Kessel.
14:14 of 1st period - Shot Misses the Net.
14:16 of 1st period - Minor Penalty to Guillaume Latendresse for Roughing.
14:17 of 1st period - John Tavares wins face-off versus Mika Zibanejad in Stars zone.
14:44 of 1st period - Evgeni Malkin is hit by Jussi Jokinen and loses puck.
16:16 of 1st period - Penalty to Guillaume Latendresse is over, Guillaume Latendresse is back on ice.
16:26 of 1st period - Slapshot by Jussi Jokinen.
16:26 of 1st period - Shot Misses the Net.
16:55 of 1st period - Slapshot by Tyson Barrie.
16:55 of 1st period - Shot Blocked by Tyler Lewington.
16:57 of 1st period - Slapshot by Paul Ladue.
16:57 of 1st period - Stopped by Kristers Gudlevskis with a rebound.
17:11 of 1st period - Wrist shot by Evgeny Kuznetsov.
17:11 of 1st period - Shot Misses the Net.
17:21 of 1st period - Mark Stuart is hit by Alex Chiasson and loses puck.
18:23 of 1st period - Off-side.
18:24 of 1st period - Alex Chiasson wins face-off versus Greg Stewart in neutral zone.
18:56 of 1st period - Snap shot by Chris Kreider.
18:56 of 1st period - Stopped by Matt Murray with a rebound.
19:10 of 1st period - Minor Penalty to Phil Kessel for Hooking.
19:11 of 1st period - Dave Bolland wins face-off versus John Tavares in Canadiens zone.
19:24 of 1st period - Snap shot by Guillaume Latendresse.
19:24 of 1st period - Shot Misses the Net.
Goals for this period are 1 for Canadiens vs 1 for Stars.
Shots for this period are 10 for Canadiens vs 9 for Stars.

2nd period


0:01 of 2nd period - John Tavares wins face-off versus Dave Bolland in neutral zone.
0:36 of 2nd period - Jordan Szwarz is hit by Jussi Jokinen.
1:10 of 2nd period - Penalty to Phil Kessel is over, Phil Kessel is back on ice.
1:23 of 2nd period - Off-side.
1:24 of 2nd period - Evgeny Kuznetsov wins face-off versus Mika Zibanejad in neutral zone.
1:37 of 2nd period - Tyson Barrie is hit by Steve Downie and loses puck.
2:12 of 2nd period - Steve Downie is hit by Tyson Barrie.
2:36 of 2nd period - Snap shot by Andrew Ladd.
2:36 of 2nd period - Shot Misses the Net.
2:44 of 2nd period - Snap shot by Andrew Ladd.
2:44 of 2nd period - Deflect By Evgeny Kuznetsov.
2:44 of 2nd period - Stopped by Kristers Gudlevskis without a rebound.
2:45 of 2nd period - John Tavares wins face-off versus Evgeni Malkin in Canadiens zone.
2:51 of 2nd period - Icing by Travis Hamonic.
2:52 of 2nd period - Evgeni Malkin wins face-off versus John Tavares in Canadiens zone.
3:03 of 2nd period - Slapshot by Guillaume Latendresse.
3:03 of 2nd period - Shot Misses the Net.
4:10 of 2nd period - Brady Skjei is hit by Tyler Wotherspoon and loses puck.
4:21 of 2nd period - Snap shot by John Tavares.
4:21 of 2nd period - Stopped by Kristers Gudlevskis with a rebound.
4:23 of 2nd period - Double Minor Penalty to Evgeni Malkin for High sticking.
4:24 of 2nd period - Dave Bolland wins face-off versus Evgeny Grachev in Canadiens zone.
4:37 of 2nd period - Wrist shot by Andrej Sustr.
4:37 of 2nd period - Stopped by Kristers Gudlevskis without a rebound.
4:38 of 2nd period - Evgeny Grachev wins face-off versus Dave Bolland in Canadiens zone.
4:39 of 2nd period - Wrist shot by Jussi Jokinen.
4:39 of 2nd period - Shot Misses the Net.
6:20 of 2nd period - Slapshot by Cam Atkinson.
6:20 of 2nd period - Stopped by Kristers Gudlevskis with a rebound.
6:22 of 2nd period - Wrist shot by Tyler Wotherspoon.
6:22 of 2nd period - Stopped by Kristers Gudlevskis without a rebound.
6:23 of 2nd period - Cam Atkinson wins face-off versus Mika Zibanejad in Canadiens zone.
7:59 of 2nd period - Mika Zibanejad is hit by John Tavares and loses puck.
8:23 of 2nd period - Penalty to Evgeni Malkin is over, Evgeni Malkin is back on ice.
8:30 of 2nd period - Wrist shot by Andrew Ladd.
8:30 of 2nd period - Shot Blocked by Daniel Carcillo.
8:32 of 2nd period - Slapshot by Andrew Ladd.
8:32 of 2nd period - Deflect By Cam Atkinson.
8:32 of 2nd period - Goal by Cam Atkinson - Canadiens : 1 - Stars : 2.
8:33 of 2nd period - Evgeni Malkin wins face-off versus Evgeny Grachev in neutral zone.
8:36 of 2nd period - Alex Chiasson is hit by Evgeni Malkin and loses puck.
8:43 of 2nd period - Snap shot by Chris Kreider.
8:43 of 2nd period - Stopped by Matt Murray with a rebound.
8:45 of 2nd period - Slapshot by Travis Hamonic.
8:45 of 2nd period - Stopped by Matt Murray with a rebound.
8:47 of 2nd period - Snap shot by Chris Kreider.
8:47 of 2nd period - Goal by Chris Kreider - Canadiens : 2 - Stars : 2.
8:48 of 2nd period - Guillaume Latendresse wins face-off versus Evgeni Malkin in neutral zone.
9:45 of 2nd period - Wrist shot by Dave Bolland.
9:45 of 2nd period - Stopped by Matt Murray without a rebound.
9:46 of 2nd period - John Tavares wins face-off versus Evgeni Malkin in Stars zone.
10:39 of 2nd period - Slapshot by Andrej Sustr.
10:39 of 2nd period - Stopped by Kristers Gudlevskis with a rebound.
10:49 of 2nd period - Slapshot by Andrew Ladd.
10:49 of 2nd period - Stopped by Kristers Gudlevskis without a rebound.
10:50 of 2nd period - Michael Grabner wins face-off versus Evgeni Malkin in Canadiens zone.
11:05 of 2nd period - Snap shot by Evgeni Malkin.
11:05 of 2nd period - Deflect By Chris Kreider.
11:05 of 2nd period - Shot Misses the Net.
11:05 of 2nd period - Puck is out of play.
11:06 of 2nd period - Evgeny Grachev wins face-off versus Mika Zibanejad in Stars zone.
11:17 of 2nd period - Slapshot by Jussi Jokinen.
11:17 of 2nd period - Stopped by Kristers Gudlevskis with a rebound.
11:19 of 2nd period - Slapshot by Tyler Wotherspoon.
11:19 of 2nd period - Stopped by Kristers Gudlevskis with a rebound.
11:21 of 2nd period - Slapshot by Evgeny Grachev.
11:21 of 2nd period - Shot Misses the Net.
11:23 of 2nd period - Snap shot by Jussi Jokinen.
11:23 of 2nd period - Deflect By Evgeny Grachev.
11:23 of 2nd period - Stopped by Kristers Gudlevskis without a rebound.
11:24 of 2nd period - John Tavares wins face-off versus Evgeni Malkin in Canadiens zone.
11:25 of 2nd period - Wrist shot by Guillaume Latendresse.
11:25 of 2nd period - Shot Misses the Net.
11:27 of 2nd period - Slapshot by Tyler Wotherspoon.
11:27 of 2nd period - Stopped by Kristers Gudlevskis without a rebound.
11:28 of 2nd period - John Tavares wins face-off versus Evgeni Malkin in Canadiens zone.
11:35 of 2nd period - Snap shot by Guillaume Latendresse.
11:35 of 2nd period - Stopped by Kristers Gudlevskis with a rebound.
11:37 of 2nd period - Snap shot by Michael Grabner.
11:37 of 2nd period - Stopped by Kristers Gudlevskis without a rebound.
11:38 of 2nd period - John Tavares wins face-off versus Evgeni Malkin in Canadiens zone.
12:13 of 2nd period - Wrist shot by Jussi Jokinen.
12:13 of 2nd period - Shot Blocked by Brady Skjei.
12:29 of 2nd period - Wrist shot by Pierre-Marc Bouchard.
12:29 of 2nd period - Shot Blocked by Andrew Ladd.
12:33 of 2nd period - Snap shot by Pierre-Marc Bouchard.
12:33 of 2nd period - Shot Misses the Net.
12:35 of 2nd period - Snap shot by Dave Bolland.
12:35 of 2nd period - Stopped by Matt Murray without a rebound.
12:36 of 2nd period - John Tavares wins face-off versus Evgeni Malkin in Stars zone.
12:36 of 2nd period - John Tavares is hit by Evgeni Malkin.
13:14 of 2nd period - Wrist shot by Jussi Jokinen.
13:14 of 2nd period - Deflect By Evgeny Grachev.
13:14 of 2nd period - Stopped by Kristers Gudlevskis without a rebound.
13:15 of 2nd period - Evgeny Kuznetsov wins face-off versus Nick Spaling in Canadiens zone.
14:13 of 2nd period - Backhand shot by Jussi Jokinen.
14:13 of 2nd period - Stopped by Kristers Gudlevskis with a rebound.
14:15 of 2nd period - Slapshot by Ian White.
14:15 of 2nd period - Stopped by Kristers Gudlevskis with a rebound.
14:27 of 2nd period - Snap shot by Cory Emmerton.
14:27 of 2nd period - Shot Blocked by Mark Stuart.
14:29 of 2nd period - Slapshot by Boris Valabik.
14:29 of 2nd period - Stopped by Kristers Gudlevskis without a rebound.
14:30 of 2nd period - Evgeni Malkin wins face-off versus Cory Emmerton in Canadiens zone.
15:25 of 2nd period - Slapshot by Tyson Barrie.
15:25 of 2nd period - Shot Misses the Net.
15:27 of 2nd period - Wrist shot by Jussi Jokinen.
15:27 of 2nd period - Deflect By Alex Chiasson.
15:27 of 2nd period - Shot Blocked by Travis Hamonic.
15:27 of 2nd period - Puck is out of play.
15:28 of 2nd period - Evgeni Malkin wins face-off versus Jussi Jokinen in Canadiens zone.
16:21 of 2nd period - Slapshot by Pierre-Marc Bouchard.
16:21 of 2nd period - Stopped by Matt Murray without a rebound.
16:22 of 2nd period - Evgeny Kuznetsov wins face-off versus Dave Bolland in Stars zone.
18:30 of 2nd period - Snap shot by Guillaume Latendresse.
18:30 of 2nd period - Stopped by Kristers Gudlevskis with a rebound.
18:40 of 2nd period - Evgeny Grachev is hit by Jakub Vrana and loses puck.
19:32 of 2nd period - Cam Atkinson is hit by Evgeni Malkin and loses puck.
Goals for this period are 1 for Canadiens vs 1 for Stars.
Shots for this period are 6 for Canadiens vs 19 for Stars.

3rd period


0:01 of 3rd period - Phil Kessel wins face-off versus John Tavares in neutral zone.
0:08 of 3rd period - Snap shot by Phil Kessel.
0:08 of 3rd period - Stopped by Matt Murray without a rebound.
0:09 of 3rd period - John Tavares wins face-off versus Chris Kreider in Stars zone.
0:37 of 3rd period - Snap shot by Evgeni Malkin.
0:37 of 3rd period - Stopped by Matt Murray without a rebound.
0:38 of 3rd period - Mika Zibanejad wins face-off versus Evgeny Grachev in Stars zone.
0:41 of 3rd period - Snap shot by Mika Zibanejad.
0:41 of 3rd period - Shot Blocked by Boris Valabik.
0:43 of 3rd period - Slapshot by Steve Downie.
0:43 of 3rd period - Shot Misses the Net.
0:45 of 3rd period - Slapshot by Philip Larsen.
0:45 of 3rd period - Shot Blocked by Evgeny Grachev.
0:47 of 3rd period - Wrist shot by Mika Zibanejad.
0:47 of 3rd period - Deflect By Steve Downie.
0:47 of 3rd period - Shot Blocked by Alex Chiasson.
0:47 of 3rd period - Puck is out of play.
0:48 of 3rd period - Mika Zibanejad wins face-off versus Evgeny Grachev in Stars zone.
0:59 of 3rd period - Slapshot by Andrej Sustr.
0:59 of 3rd period - Shot Blocked by Mika Zibanejad.
1:17 of 3rd period - Snap shot by Steve Downie.
1:17 of 3rd period - Deflect By Mika Zibanejad.
1:17 of 3rd period - Stopped by Matt Murray without a rebound.
1:18 of 3rd period - John Tavares wins face-off versus Evgeni Malkin in Stars zone.
1:29 of 3rd period - Snap shot by John Tavares.
1:29 of 3rd period - Shot Misses the Net.
1:31 of 3rd period - Slapshot by Tyler Wotherspoon.
1:31 of 3rd period - Stopped by Kristers Gudlevskis without a rebound.
1:32 of 3rd period - John Tavares wins face-off versus Evgeni Malkin in Canadiens zone.
2:03 of 3rd period - Wrist shot by Mika Zibanejad.
2:03 of 3rd period - Shot Misses the Net.
2:21 of 3rd period - Snap shot by Daniel Carcillo.
2:21 of 3rd period - Shot Blocked by Andrej Sustr.
2:58 of 3rd period - Icing by Andrej Sustr.
2:59 of 3rd period - Evgeni Malkin wins face-off versus John Tavares in Stars zone.
3:06 of 3rd period - Wrist shot by Evgeni Malkin.
3:06 of 3rd period - Goal by Evgeni Malkin - Canadiens : 3 - Stars : 2.
3:07 of 3rd period - John Tavares wins face-off versus Evgeni Malkin in neutral zone.
3:19 of 3rd period - Off-side.
3:20 of 3rd period - John Tavares wins face-off versus Evgeni Malkin in neutral zone.
3:29 of 3rd period - Wrist shot by Brady Skjei.
3:29 of 3rd period - Shot Blocked by Ian White.
3:31 of 3rd period - Slapshot by Travis Hamonic.
3:31 of 3rd period - Shot Misses the Net.
3:35 of 3rd period - Wrist shot by Chris Kreider.
3:35 of 3rd period - Shot Misses the Net.
3:37 of 3rd period - Wrist shot by Phil Kessel.
3:37 of 3rd period - Stopped by Matt Murray without a rebound.
3:38 of 3rd period - Mika Zibanejad wins face-off versus Evgeny Grachev in Stars zone.
5:04 of 3rd period - Brady Skjei is hit by Andrej Sustr and loses puck.
5:11 of 3rd period - Cory Emmerton is hit by Jordan Szwarz and loses puck.
5:18 of 3rd period - Snap shot by Jordan Szwarz.
5:18 of 3rd period - Stopped by Matt Murray with a rebound.
5:20 of 3rd period - Slapshot by Travis Hamonic.
5:20 of 3rd period - Stopped by Matt Murray without a rebound.
5:21 of 3rd period - Evgeni Malkin wins face-off versus John Tavares in Stars zone.
5:31 of 3rd period - Off-side.
5:32 of 3rd period - John Tavares wins face-off versus Evgeni Malkin in neutral zone.
5:45 of 3rd period - Slapshot by Chris Kreider.
5:45 of 3rd period - Shot Misses the Net.
5:59 of 3rd period - Boris Valabik is hit by Jordan Szwarz and loses puck.
6:12 of 3rd period - Slapshot by Boris Valabik.
6:12 of 3rd period - Stopped by Kristers Gudlevskis without a rebound.
6:13 of 3rd period - Evgeny Grachev wins face-off versus Chris Kreider in Canadiens zone.
6:14 of 3rd period - Wrist shot by Jussi Jokinen.
6:14 of 3rd period - Stopped by Kristers Gudlevskis without a rebound.
6:15 of 3rd period - Evgeny Grachev wins face-off versus Evgeni Malkin in Canadiens zone.
6:43 of 3rd period - Evgeny Kuznetsov is hit by Steve Downie and loses puck.
7:00 of 3rd period - Snap shot by Cory Emmerton.
7:00 of 3rd period - Stopped by Kristers Gudlevskis without a rebound.
7:01 of 3rd period - Nick Spaling wins face-off versus Cory Emmerton in Canadiens zone.
7:01 of 3rd period - Nick Spaling is hit by Scott Kosmachuck.
7:06 of 3rd period - Brian Dumoulin is hit by Cory Emmerton and loses puck.
7:10 of 3rd period - Icing by Boris Valabik.
7:11 of 3rd period - Cory Emmerton wins face-off versus Evgeni Malkin in Stars zone.
7:36 of 3rd period - Wrist shot by Cory Emmerton.
7:36 of 3rd period - Stopped by Kristers Gudlevskis with a rebound.
7:38 of 3rd period - Wrist shot by Scott Kosmachuck.
7:38 of 3rd period - Shot Misses the Net.
8:22 of 3rd period - Wrist shot by Cory Emmerton.
8:22 of 3rd period - Shot Blocked by Philip Larsen.
8:24 of 3rd period - Snap shot by Cory Emmerton.
8:24 of 3rd period - Shot Blocked by Evgeni Malkin.
9:09 of 3rd period - Wrist shot by Cory Emmerton.
9:09 of 3rd period - Stopped by Kristers Gudlevskis with a rebound.
9:11 of 3rd period - Snap shot by Boris Valabik.
9:11 of 3rd period - Shot Blocked by Brian Dumoulin.
9:13 of 3rd period - Snap shot by Jeremy Morin.
9:13 of 3rd period - Shot Misses the Net.
9:15 of 3rd period - Wrist shot by Cory Emmerton.
9:15 of 3rd period - Stopped by Kristers Gudlevskis with a rebound.
9:51 of 3rd period - Snap shot by Cory Emmerton.
9:51 of 3rd period - Shot Misses the Net.
9:53 of 3rd period - Slapshot by Scott Kosmachuck.
9:53 of 3rd period - Stopped by Kristers Gudlevskis with a rebound.
10:29 of 3rd period - Wrist shot by Evgeni Malkin.
10:29 of 3rd period - Shot Misses the Net.
11:07 of 3rd period - Jeremy Morin is hit by Chris Kreider and loses puck.
11:25 of 3rd period - Wrist shot by Cory Emmerton.
11:25 of 3rd period - Stopped by Kristers Gudlevskis without a rebound.
11:26 of 3rd period - John Tavares wins face-off versus Mika Zibanejad in Canadiens zone.
11:36 of 3rd period - Minor Penalty to Greg Stewart for Elbowing.
11:37 of 3rd period - Dave Bolland wins face-off versus John Tavares in Canadiens zone.
12:13 of 3rd period - Off-side.
12:14 of 3rd period - John Tavares wins face-off versus Nick Spaling in neutral zone.
13:03 of 3rd period - Evgeny Grachev is hit by Jordan Szwarz and loses puck.
13:36 of 3rd period - Penalty to Greg Stewart is over, Greg Stewart is back on ice.
13:45 of 3rd period - Cam Atkinson is hit by Greg Stewart and loses puck.
13:50 of 3rd period - Wrist shot by Greg Stewart.
13:50 of 3rd period - Stopped by Matt Murray without a rebound.
13:51 of 3rd period - Evgeny Kuznetsov wins face-off versus Mika Zibanejad in Stars zone.
13:56 of 3rd period - Steve Downie is hit by Tyson Barrie and loses puck.
14:19 of 3rd period - Slapshot by Jordan Szwarz.
14:19 of 3rd period - Stopped by Matt Murray with a rebound.
14:21 of 3rd period - Slapshot by Jakub Vrana.
14:21 of 3rd period - Shot Misses the Net.
14:23 of 3rd period - Snap shot by Nick Spaling.
14:23 of 3rd period - Stopped by Matt Murray with a rebound.
15:16 of 3rd period - Mark Stuart is hit by Paul Ladue and loses puck.
15:39 of 3rd period - Mark Stuart is hit by Evgeny Grachev and loses puck.
17:11 of 3rd period - Jussi Jokinen is hit by Mika Zibanejad and loses puck.
18:48 of 3rd period - Jordan Szwarz is hit by John Tavares and loses puck.
18:51 of 3rd period - Stars, Matt Murray is pulled from the net.
19:01 of 3rd period - Snap shot by Jeremy Morin.
19:01 of 3rd period - Shot Blocked by Tyler Lewington.
19:03 of 3rd period - Wrist shot by Jeremy Morin.
19:03 of 3rd period - Deflect By John Tavares.
19:03 of 3rd period - Stopped by Kristers Gudlevskis without a rebound.
19:04 of 3rd period - Barry Trotz call a timeout for Stars.
19:04 of 3rd period - John Tavares wins face-off versus Evgeni Malkin in Canadiens zone.
19:37 of 3rd period - Evgeni Malkin is hit by John Tavares and loses puck.
19:56 of 3rd period - Snap shot by Jeremy Morin.
19:56 of 3rd period - Shot Misses the Net.
19:58 of 3rd period - Snap shot by Jeremy Morin.
19:58 of 3rd period - Shot Misses the Net.
Goals for this period are 1 for Canadiens vs 0 for Stars.
Shots for this period are 10 for Canadiens vs 10 for Stars. Output by the SimonT Hockey Simulator (STHS) for Francois Prevost - Original Page W3C HTML5 Valid
Hockey Simulator - Hockey Simulation - Hockey Manager